 Dungeon Crawl Stone Soup version 0.25-a0-294-gea9b1ad378 (webtiles) character file.

Game seed: 16360471589193259713, levelgen mode: deterministic

30 MrRokkomies the Chopper (level 3, 0/42 HPs)
             Began as a Gnoll Wanderer on Dec 16, 2019.
             Succumbed to an adder's poison
             ... on level 2 of the Dungeon.
             The game lasted 00:02:14 (782 turns).

MrRokkomies the Chopper (Gnoll Wanderer)             Turns: 782, Time: 00:02:14

Health: 0/42       AC: 21    Str: 20    XL:     3   Next: 18%
Magic:  3/3        EV:  2    Int: 12    God:
Gold:   46         SH:  0    Dex: 16    Spells: 3/3 levels left

rFire    . . .     SeeInvis .   a - +2 hand axe
rCold    . . .     Gourm    .   (no shield)
rNeg     + + +     Faith    .   (armour currently unavailable)
rPois    +         Spirit   .   (helmet currently unavailable)
rElec    .         Reflect  .   (cloak currently unavailable)
rCorr    .         Harm     .   (gloves currently unavailable)
MR       .....     NoTele   +   (boots currently unavailable)
Stlth    ++........             (no amulet)
HPRegen  0.14/turn              (no ring)
MPRegen  0.08/turn              (no ring)

@: mighty, lethally poisoned (0 -> -4), tree-form
A: distributed training, strong nose
a: no special abilities


You were on level 2 of the Dungeon.
You were not hungry.
You were a tree.
You visited 1 branch of the dungeon, and saw 2 of its levels.

You collected 46 gold pieces.

Inventory:

Hand Weapons
 a - a +2 hand axe (weapon)
Missiles
 h - 14 arrows
Armour
 c - a +0 ring mail
 f - a cursed +0 scale mail (melded)
Comestibles
 d - 4 rations


   Skills:
 + Level 2.5 Fighting
 + Level 0.6 Short Blades
 + Level 0.6 Long Blades
 + Level 6.5 Axes
 + Level 0.6 Maces & Flails
 + Level 0.6 Polearms
 + Level 0.6 Staves
 + Level 0.6 Slings
 + Level 4.5 Bows
 + Level 0.6 Crossbows
 + Level 2.5 Throwing
 + Level 4.5 Armour
 + Level 0.6 Dodging
 + Level 2.3 Stealth
 + Level 0.6 Shields
 + Level 0.6 Unarmed Combat
 + Level 0.6 Spellcasting
 + Level 0.4 Conjurations
 + Level 0.4 Hexes
 + Level 0.4 Charms
 + Level 0.4 Summonings
 + Level 0.4 Necromancy
 + Level 0.4 Translocations
 + Level 0.4 Transmutations
 + Level 0.4 Fire Magic
 + Level 0.4 Ice Magic
 + Level 0.4 Air Magic
 + Level 0.4 Earth Magic
 + Level 0.4 Poison Magic
 + Level 0.8 Invocations
 + Level 0.6 Evocations


You had 3 spell levels left.
You didn't know any spells.
Your spell library was empty.

Dungeon Overview and Level Annotations

Branches:
Dungeon (2/15)

Altars:


Innate Abilities, Weirdness & Mutations

Your experience applies equally to all skills.
((You have very sharp teeth.))
Your uncanny sense of smell can sniff out nearby items.
((You have a pair of antennae on your head.))
((Your movements are slightly less encumbered by armour. (ER -2)))


Message History

You feel sick.
You see here a +0 club.
* * * LOW HITPOINT WARNING * * *
You feel sick.
Found a purple potion.
* * * LOW HITPOINT WARNING * * *
You feel sick.
Found 4 arrows.
* * * LOW HITPOINT WARNING * * *
You feel sick.
Found a leather armour.
Really quaff the potion of lignification?
You turn into a tree.
Your cursed +0 scale mail melds into your body.
Your roots penetrate the ground.
* * * LOW HITPOINT WARNING * * *
You feel sick.
* * * LOW HITPOINT WARNING * * *
You feel sick.
You die...

#......# #......#
#......# #......#
#......#
#......####......#
#.........#......#
#......#.##......#
#.###..#.##......#
#
#..#.##......####
#..#.)...7...!..#
#).#####........#
#..#<.....#..#..#
#..(....#.#[.# #
#.######..#{.# #..
...... ### .... ..
∆ #.(.. .## ∆


There were no monsters in sight!

Vanquished Creatures
  An adder (D:2)
  2 leopard geckos (D:1)
  A bat (D:1)
  4 hobgoblins (D:1)
  4 kobolds
  2 frilled lizards (D:1)
  3 goblins
  2 rats (D:1)
19 creatures vanquished.

Notes
Turn   | Place    | Note
-------+----------+-------------------------------------------
     0 | D:1      | MrRokkomies the Gnoll Wanderer began the quest for the Orb.
     0 | D:1      | MrRokkomies set off with the following items: a +2 hand
                  | axe, a potion of lignification, a +0 ring mail, a ration
     0 | D:1      | Reached XP level 1. HP: 17/17 MP: 1/1
   133 | D:1      | Reached XP level 2. HP: 11/23 MP: 2/2
   767 | D:2      | Reached XP level 3. HP: 9/28 MP: 3/3
   771 | D:2      | Gained mutation: You have a pair of small antennae on your
                  | head. [potion of mutation]
   771 | D:2      | Gained mutation: Your movements are slightly less
                  | encumbered by armour. (ER -2) [potion of mutation]
   771 | D:2      | Gained mutation: You have a pair of antennae on your head.
                  | [potion of mutation]
   776 | D:2      | HP: 1/28 [poisoned by an adder]
   782 | D:2      | Succumbed to an adder's poison

Levels and vault maps discovered:
D:1:      erik_arrival_cave_to_civilisation [erik_arrival_cave_to_hall],
          layout_rooms
D:2:      layout_basic, first_ration, minmay_misc_feat_square, minmay_tromino_i2

Action                   || total
-------------------------++-------
Melee: Hand axe          ||    53
       Bite              ||     2
  Use: Scroll            ||     3
       Potion            ||     3
Armor: Scale mail        ||    19
       Ring mail         ||     1
Dodge: Dodged            ||    14

Table legend:
 A = Non-vault XP
 B = Vault XP
 C = Vault XP percentage of total XP
 D = Non-vault monster count
 E = Vault monster count
 F = Vault count percentage of total count
                 A         B        C        D         E       F
            +---------+---------+-------+---------+---------+-------
      Total |      41 |       2 |   4.7 |      18 |       1 |   5.3
            +---------+---------+-------+---------+---------+-------
        D:1 |      26 |       0 |   0.0 |      15 |       0 |   0.0
        D:2 |      15 |       2 |  11.8 |       3 |       1 |  25.0
            +---------+---------+-------+---------+---------+-------
